 Dungeon Crawl Stone Soup version 0.30-a0-591-g3c58d2bc28 (webtiles) character file.

Game seed: 10625195111836125983

69 cforsyth the Digger (level 4, -1/26 HPs)
             Began as a Gargoyle Earth Elementalist on Jan 5, 2023.
             Slain by an iguana (5 damage)
             ... on level 3 of the Dungeon on Jan 6, 2023.
             The game lasted 00:03:49 (1852 turns).

cforsyth the Digger (Gargoyle Earth Elementalist)   Turns: 1852, Time: 00:03:50

Health: -1/26      AC:  5    Str: 10 (12) XL:     4   Next: 20%
Magic:  3/8        EV: 11    Int: 14 (15) God:
Gold:   73         SH:  0    Dex:  9 (10) Spells: 8/9 levels left

rFire   . . .      SeeInvis .    (no weapon)
rCold   . . .      Faith    .    (no shield)
rNeg    + . .      Spirit   .    a - +0 robe
rPois   ∞          Reflect  .    (no helmet)
rElec   +          Harm     .    (no cloak)
rCorr   .          Rampage  .    (no gloves)
Will    .....                    (no boots)
Stlth   +++                      (no amulet)
HPRegen 0.24/turn                (no ring)
MPRegen 0.11/turn                (no ring)

@: brilliant
A: sickness immunity, AC +3, negative energy resistance 1, electricity
resistance, torment resistance 1, petrification resistance, camouflage 1, dopey
1, robust 1
a: no special abilities


You were on level 3 of the Dungeon.
You visited 1 branch of the dungeon, and saw 3 of its levels.

You collected 73 gold pieces.

Inventory:

Armour
 a - a +0 robe (worn)
Scrolls
 c - a scroll of immolation {unknown}
 d - a scroll of teleportation {unknown}
 e - a scroll of enchant weapon {unknown}
 f - a scroll of fear {unknown}
 g - a scroll of torment {unknown}
 j - a scroll of amnesia
 k - a scroll of magic mapping {unknown}
 m - a scroll of identify {unknown}
Potions
 b - a potion of magic


   Skills:
 - Level 1.5 Dodging
 - Level 2.1 Stealth
 + Level 3.1 Spellcasting
 - Level 0.7 Transmutations
 + Level 4.9 Earth Magic


You had 8 spell levels left.
You knew the following spells:

 Your Spells              Type           Power      Damage    Failure   Level
a - Sandblast             Erth           48%        2d12      2%          1

Your spell library contained the following spells:

 Spells                   Type           Power      Damage    Failure   Level
 Passwall                 Tmut/Erth      12%        N/A       10%         2
 Stone Arrow              Conj/Erth      26%        3d8       22%         3
 Petrify                  Tmut/Erth      15%        N/A       54%         4


Dungeon Overview and Level Annotations

Branches:
Dungeon (3/15)

Altars:
Cheibriados
Sif Muna
Trog
Xom


Innate Abilities, Weirdness & Mutations

You are immune to sickness and miasma.
Your stone body is resilient. (AC +3)
You are immune to poison.
You resist negative energy. (rN+)
You are resistant to electric shocks. (rElec)
You are resistant to unholy torment.
You are immune to petrification.
Your skin changes colour to match your surroundings (Stealth+).
You are dopey. (Int -2)
You are robust. (+10% HP)


Message History

The blast of sand hits the iguana.
The iguana is moderately wounded.
The blast of sand hits the iguana.
The iguana is heavily wounded.
The iguana bites you!
The blast of sand hits the iguana but does no damage.
The iguana is heavily wounded.
The iguana misses you. The iguana bites you.
The blast of sand hits the iguana but does no damage.
The iguana is heavily wounded.
The iguana misses you.
The blast of sand hits the iguana but does no damage.
The iguana is heavily wounded.
The iguana bites you!
* * * LOW HITPOINT WARNING * * *
The iguana barely misses you.
Casting: Sandblast (safe; 2% risk of failure)
Confirm with . or Enter, or press ? or * to list all spells.
Aiming: Sandblast (safe; 2% risk of failure)
Press: ? - help, Shift-Dir - straight line, f/p - iguana
Aim: an iguana (moderately wounded, 84% to hit)
The blast of sand hits the iguana but does no damage.
The iguana is moderately wounded.
The iguana bites you.
* * * LOW HITPOINT WARNING * * *
It was a potion of degeneration.
There was something very wrong with that liquid.
You feel weakened.
You feel dopey.
You feel clumsy. The iguana closely misses you.
Casting: Sandblast (safe; 2% risk of failure)
Confirm with . or Enter, or press ? or * to list all spells.
Okay, then.
It was a potion of mutation.
You feel extremely strange.
You feel robust.
You feel stupid.
Your skin functions as natural camouflage.
The iguana completely misses you.
It was a potion of brilliance.
You feel clever all of a sudden. The iguana bites you.
You die...

#.....### ...
#.......##....##
##._..._..+......
#.........#....###
#....8...........
#.........#....#
#._..._..#....#
#.............#
###
#.....###@#####
..#
#..####...l......
..######.##
#.#....####
.........#
#.####..#
..######## # #..#
#.# .... #.# ...
#.# .. #.#


You could see an iguana.

Vanquished Creatures
  3 adders
  2 dart slugs
  5 ball pythons
  3 endoplasms
  3 giant cockroaches (D:1)
  5 goblins
  5 kobolds
  2 quokkas (D:2)
  2 bats
  3 frilled lizards
  3 rats
36 creatures vanquished.

Notes
Turn   | Place    | Note
-------+----------+-------------------------------------------
     0 | D:1      | cforsyth the Gargoyle Earth Elementalist began the quest
                  | for the Orb.
     0 | D:1      | Reached XP level 1. HP: 10/10 MP: 3/3
   238 | D:1      | Reached skill level 4 in Earth Magic
   238 | D:1      | Reached XP level 2. HP: 15/15 MP: 1/5
  1049 | D:1      | Reached XP level 3. HP: 19/19 MP: 4/7
  1145 | D:2      | Identified the +0 ring mail of Maaklil {rN+ Str+3 Int+3
                  | Dex-3}
  1455 | D:2      | Reached XP level 4. HP: 24/24 MP: 5/8
  1832 | D:3      | Found a bloodstained altar of Trog.
  1833 | D:3      | Found a snail-covered altar of Cheibriados.
  1836 | D:3      | Found a shimmering altar of Xom.
  1836 | D:3      | Found a shimmering blue altar of Sif Muna.
  1851 | D:3      | Gained mutation: You are robust. (+10% HP) [potion of
                  | mutation]
  1851 | D:3      | Gained mutation: You are dopey. (Int -2) [potion of
                  | mutation]
  1851 | D:3      | Gained mutation: Your skin changes colour to match your
                  | surroundings (Stealth+). [potion of mutation]
  1852 | D:3      | Slain by an iguana

Illustrated notes

Levels and vault maps discovered:
D:1:      minmay_arrival_open_corners, layout_basic, minmay_misc_feat_iff
D:2:      layout_rooms
D:3:      layout_basic, grunt_temple_overflow_open,
          nicolae_overflow_ecumenical_swirl, gup_sewer_entry_glass

Skill      XL: |  1  2  3 |
---------------+----------+-----
Earth Magic    | 4 |  4.9
Spellcasting   | 3 |  3.1
Dodging        | |  1.5
Stealth        | |  2.1
Transmutations | |  0.7

Action                   |  1- 3 |  4- 6 || total
-------------------------+-------+-------++-------
Melee: Unarmed           |     1 |     1 ||     2
 Cast: Sandblast         |    39 |    19 ||    58
  Use: Potion            |       |     3 ||     3
       Scroll            |       |     1 ||     1
Armor: Robe              |     2 |     4 ||     6
Dodge: Dodged            |     7 |    15 ||    22

Table legend: (Time is in decaauts)
 A = Elapsed time spent in this place.
 B = Non-inter-level travel time spent in this place.
 C = Inter-level travel time spent in this place.
 D = Time resting spent in this place.
 E = Time spent auto-exploring this place.
 F = Levels seen in this place.
 G = Mean time per level.
                   A        B        C        D        E       F      G
               +--------+--------+--------+--------+--------+-----+--------+
         Total |   1881 |   1865 |     16 |     46 |   1502 |   3 |  627.0 |
       Dungeon |   1881 |   1865 |     16 |     46 |   1502 |   3 |  627.0 |
               +--------+--------+--------+--------+--------+-----+--------+

Top non-repeatable levels by time:
     D:1: 1085 daAuts
     D:2: 624 daAuts
     D:3: 171 daAuts
